 Dungeon Crawl Stone Soup version 0.25-a0-705-ge9988fc0fb (webtiles) character file.

Game seed: 891407819458333606, levelgen mode: deterministic

884 Conn the Magician (level 8, -3/76 HPs)
             Began as an Octopode Wizard on Apr 4, 2020.
             Was an Initiate of Sif Muna.
             Slain by an ice beast (13 damage)
             ... on level 6 of the Dungeon.
             The game lasted 00:17:10 (6020 turns).

Conn the Magician (Octopode Wizard)                 Turns: 6020, Time: 00:17:10

Health: -3/76      AC: 24    Str:  3 (6)  XL:     8   Next: 5%
Magic:  0/15       EV:  2    Int: 21 (22) God:    Sif Muna [......]
Gold:   156        SH:  0    Dex:  9 (11) Spells: 6/17 levels left

rFire    . . .     SeeInvis .   m - +4 mace (protect)
rCold    . . .     Gourm    .   (no shield)
rNeg     + + +     Faith    .   (helmet currently unavailable)
rPois    +         Spirit   +   n - amulet of guardian spirit
rElec    .         Reflect  .   a - ring of flight
rCorr    .         Harm     .   (no ring)
MR       .....     NoTele   +   (no ring)
Stlth    +++.......             (no ring)
HPRegen  0.22/turn              (no ring)
MPRegen  0.14/turn              (no ring)
                                (no ring)
                                (no ring)

@: mighty, brilliant, tree-form, very slightly contaminated
A: almost no armour, stealthy swim, (amphibious), 8 rings, (constrict 8)
a: Renounce Religion


You were on level 6 of the Dungeon.
You worshipped Sif Muna.
Sif Muna was noncommittal.
You were not hungry.
You were a tree.
You visited 2 branches of the dungeon, and saw 7 of its levels.

You collected 156 gold pieces.

Inventory:

Hand Weapons
 k - a +4 mace
 l - a +0 short sword
 m - a +4 mace of protection (weapon)
 s - a +1 vorpal hand axe
 u - a +1 vampiric short sword
Armour
 r - a +2 hat (melded)
Magical Staves
 t - an uncursed staff of death
Jewellery
 a - a ring of flight (left branch)
 n - an amulet of guardian spirit (around neck)
Scrolls
 b - 5 scrolls of identify
 h - a scroll of fear {unknown}
 i - a scroll of holy word {unknown}
 p - a scroll of immolation
 q - 2 scrolls of teleportation
 w - a scroll of remove curse
Potions
 f - a potion of degeneration
 j - a potion of lignification
 o - a potion of stabbing {unknown}
 v - a potion of curing
Comestibles
 c - 9 rations
 x - 3 chunks of flesh


   Skills:
 * Level 2.6 Fighting
 + Level 3.7 Maces & Flails
 + Level 3.1 Dodging
 + Level 4.9 Stealth
 * Level 5.1 Spellcasting
 * Level 3.8 Conjurations
 + Level 1.6 Summonings
 + Level 1.1 Translocations
 + Level 0.1 Air Magic


You had 6 spell levels left.
You knew the following spells:

 Your Spells              Type           Power        Failure   Level  Hunger
a - Magic Dart            Conj           ####         2%          1    None
b - Blink                 Tloc           N/A          11%         2    None
c - Call Imp              Summ           ###.....     9%          2    None
d - Conjure Flame         Conj/Fire      ###.....     14%         3    None
e - Mephitic Cloud        Conj/Pois/Air  ###.....     19%         3    None

Your spell library contained the following spells:

 Spells                   Type           Power        Failure   Level  Hunger
 Corona                   Hex            #......      11%         1    None
 Dazzling Flash           Conj/Hex       ###...       14%         3    None
 Ensorcelled Hibernation  Hex/Ice        #.....       16%         2    None
 Slow                     Hex            #.......     16%         2    None
 Confusing Touch          Hex            #.......     32%         3    None
 Tukima's Dance           Hex            #.......     32%         3    None


Dungeon Overview and Level Annotations

Branches:
Dungeon (6/15)             Temple (1/1) D:4

Altars:
Ashenzari
Cheibriados
Dithmenos
Elyvilon
Fedhas
Gozag
Hepliaklqana
Kikubaaqudgha
Makhleb
Nemelex Xobeh
Okawaru
Qazlal
Ru
Sif Muna
Trog
Uskayaw
Vehumet
Xom
Yredelemnul
Zin


Innate Abilities, Weirdness & Mutations

You cannot wear most types of armour.
You are very stealthy in the water. (Stealth+)
((You are amphibious.))
You can wear up to eight rings at the same time.
((You can use your tentacles to constrict eight enemies at once.))
((Your skin changes colour to match your surroundings (Stealth+).))
((Your rubbery body absorbs attacks. (AC +1, EV +1)))


Message History

You feel weakened.
You feel dopey.
You feel clumsy. The orc hits you with a +0 mace!
* * * LOW HITPOINT WARNING * * *
It was a potion of lignification.
You turn into a tree.
Your +2 hat melds into your body.
Your roots penetrate the ground.
The orc warrior hits you but does no damage.
The ice beast hits you but does no damage.
It was a potion of curing.
You feel better. The orc barely misses you.
The ice beast hits you but does no damage.
The orc warrior hits you but does no damage.
It was a potion of brilliance.
You feel clever all of a sudden. The orc hits you but does no damage.
The ice beast hits you but does no damage.
The orc warrior hits you but does no damage.
It was a potion of flight.
Your roots keep you in place.
The ice beast hits you.
* * * LOW HITPOINT WARNING * * *
The ice beast freezes you!
You die...

################
....#....#....=#
....+....#.....#
....#....'.....#
...##...###..######
...##÷..###..###♣.#
...#.........#.ooY#
...#.........#....#
...'.........'....#
...#.........#..>.#
..###...###+####..#
'####...###..####'###
...#.....#..........#
...#.....#..........#


You could see an orc warrior, an ice beast and an orc.

Vanquished Creatures
  A sky beast (D:6)
  A phantom (D:6)
  An ogre (D:4)
  A bullfrog (D:6)
  A howler monkey (D:6)
  2 crimson imps
  A bullfrog zombie (D:5)
  A centaur zombie (D:6)
  A jelly (D:5)
  A hound (D:6)
  An orc wizard (D:6)
  Natasha (twice) (D:2)
  3 worker ants
  3 gnolls (D:3)
  5 adders
  A howler monkey skeleton (D:5)
  An ooze (D:1)
  2 adder skeletons
  3 worms
  A dart slug (D:1)
  2 leopard geckos
  11 orcs
  6 giant cockroaches
  10 hobgoblins
  14 jackals
  10 bats
  5 goblins
  5 kobolds
  6 rats
102 creatures vanquished.

Vanquished Creatures (collateral kills)
  Natasha (D:2)
1 creature vanquished.

Grand Total: 103 creatures vanquished

Notes
Turn   | Place    | Note
-------+----------+-------------------------------------------
     0 | D:1      | Conn the Octopode Wizard began the quest for the Orb.
     0 | D:1      | Reached XP level 1. HP: 11/11 MP: 4/4
   246 | D:1      | Reached XP level 2. HP: 14/17 MP: 0/6
   255 | D:1      | Learned a level 2 spell: Blink
   258 | D:1      | Learned a level 2 spell: Call Imp
   583 | D:1      | Reached XP level 3. HP: 20/21 MP: 2/8
  1215 | D:2      | Found a shimmering altar of Xom.
  1216 | D:2      | Found a hazy altar of Hepliaklqana.
  1216 | D:2      | Noticed a tentacled monstrosity
  1217 | D:2      | Noticed a tentacled monstrosity
  1217 | D:2      | Noticed a spectral ugly thing
  1243 | D:2      | Found a basalt altar of Yredelemnul.
  1674 | D:2      | Noticed Natasha
  1678 | D:2      | Killed Natasha
  1678 | D:2      | Reached XP level 4. HP: 27/27 MP: 9/9
  1720 | D:2      | Noticed a water elemental
  1724 | D:2      | Found a stormy altar of Qazlal.
  1728 | D:2      | Noticed Natasha
  1737 | D:2      | Killed Natasha
  1737 | D:2      | Reached skill level 4 in Spellcasting
  1743 | D:2      | Noticed an earth elemental
  1746 | D:2      | Noticed a fire elemental
  1746 | D:2      | Noticed an air elemental
  1820 | D:2      | Noticed Natasha
  1828 | D:2      | Killed Natasha
  2017 | D:2      | Reached XP level 5. HP: 31/32 MP: 9/11
  2916 | D:3      | Learned a level 3 spell: Conjure Flame
  2920 | D:3      | Learned a level 3 spell: Mephitic Cloud
  2978 | D:3      | Reached skill level 1 in Maces & Flails
  3086 | D:3      | Found a sparkling altar of Nemelex Xobeh.
  3569 | D:4      | Reached XP level 6. HP: 33/37 MP: 10/12
  3580 | D:4      | Found a staircase to the Ecumenical Temple.
  3601 | Temple   | Entered the Ecumenical Temple
  3613 | Temple   | Became a worshipper of Sif Muna the Loreminder
  3833 | D:4      | Reached skill level 1 in Fighting
  4844 | D:5      | Entered Level 5 of the Dungeon
  5083 | D:5      | Reached XP level 7. HP: 44/44 MP: 14/14
  5106 | D:5      | Found a shimmering altar of Xom.
  5865 | D:6      | Reached skill level 5 in Spellcasting
  5951 | D:6      | Reached XP level 8. HP: 48/51 MP: 13/15
  6016 | D:6      | HP: 2/51 [orc/+0 mace (7)]
  6020 | D:6      | Slain by an ice beast

Levels and vault maps discovered:
D:1:      zelgadis_glass_arrival_small, layout_basic
D:2:      layout_basic, regret_index_temple_of_mockery,
          nicolae_qazlal_style_of_elements, yredelemnul_altar_generic,
          first_ration, uniq_natasha
D:3:      layout_loops_corners, nicolae_overflow_hidden_temple
D:4:      layout_basic, minmay_temple_entry_wispy
D:5:      cheibrodos_iron_armory, layout_rooms, basic_altar,
          minmay_crystal_room, st_stairs_6
D:6:      layout_gridville
Temple:   regret_index_temple_generic_petals

Skill      XL: |  1  2  3  4  5  6  7 |
---------------+----------------------+-----
Stealth        | 3 4 |  4.9
Conjurations   | 2 3 |  3.8
Spellcasting   | 4 5 |  5.1
Maces & Flails | 1 2 3 |  3.7
Fighting       | 1 2 |  2.6
Dodging        | 3 |  3.1
Summonings     | |  1.6
Translocations | |  1.1
Air Magic      | |  0.1

Action                   |  1- 3 |  4- 6 |  7- 9 || total
-------------------------+-------+-------+-------++-------
Melee: Unarmed           |    39 |       |       ||    39
       Constrict         |    17 |    24 |    11 ||    52
       Tentacles         |    11 |    12 |     7 ||    30
       Mace              |    15 |   105 |    73 ||   193
       Short sword       |     6 |       |       ||     6
 Cast: Magic Dart        |    55 |    29 |    20 ||   104
       Call Imp          |       |     2 |     4 ||     6
       Blink             |       |     1 |     1 ||     2
       Mephitic Cloud    |       |     1 |     2 ||     3
       Conjure Flame     |       |     1 |       ||     1
  Use: Scroll            |       |    12 |     1 ||    13
       Potion            |       |       |     6 ||     6
 Stab: Sleeping          |     2 |    10 |     3 ||    15
       Distracted        |       |     1 |     1 ||     2
  Eat: Chunk             |     2 |    11 |       ||    13
       Ration            |       |       |     1 ||     1
Armor: Skin              |    12 |    44 |    30 ||    86
Dodge: Dodged            |    37 |    70 |    46 ||   153

Table legend:
 A = Non-vault XP
 B = Vault XP
 C = Vault XP percentage of total XP
 D = Non-vault monster count
 E = Vault monster count
 F = Vault count percentage of total count
                 A         B        C        D         E       F
            +---------+---------+-------+---------+---------+-------
      Total |    1229 |      35 |   2.8 |     102 |       1 |   1.0
            +---------+---------+-------+---------+---------+-------
        D:1 |      54 |       0 |   0.0 |      26 |       0 |   0.0
        D:2 |      86 |      35 |  28.9 |      15 |       1 |   6.2
        D:3 |     111 |       0 |   0.0 |      26 |       0 |   0.0
        D:4 |     245 |       0 |   0.0 |      10 |       0 |   0.0
        D:5 |     163 |       0 |   0.0 |       7 |       0 |   0.0
        D:6 |     570 |       0 |   0.0 |      18 |       0 |   0.0
            +---------+---------+-------+---------+---------+-------
